 Dungeon Crawl Stone Soup version 0.29.0-13-gc9e81de378 (webtiles) character file.

Game seed: 14885129895335834993

827 Bartlander the Skirmisher (level 7, -4/51 HPs)
             Began as a Barachi Hunter on Sept 8, 2022.
             Was an Initiate of Cheibriados.
             Slain by a mummy (5 damage)
             ... on level 4 of the Dungeon.
             The game lasted 00:13:41 (3657 turns).

Bartlander the Skirmisher (Barachi Hunter)          Turns: 3657, Time: 00:13:41

Health: -4/51      AC:  6    Str: 13    XL:     7   Next: 97%
Magic:  7/7        EV: 12    Int: 11    God:    Cheibriados [......]
Gold:   287        SH:  0    Dex: 18    Spells: 6/6 levels left

rFire   . . .      SeeInvis .   a - +1 shortbow
rCold   . . .      Faith    .   (shield currently unavailable)
rNeg    + + .      Spirit   .   c - +0 leather armour
rPois   .          Reflect  .   h - +0 helmet
rElec   .          Harm     .   (no cloak)
rCorr   .          Rampage  .   (no gloves)
Will    .....                   i - +1 pair of boots
Stlth   ++........              (no amulet)
HPRegen 0.17/turn               l - ring of positive energy
MPRegen 0.10/turn               d - ring of positive energy

@: mighty, brilliant, very slow
A: amphibious, slowness 1, strong legs 1, +LOS
a: Hop, Renounce Religion


You were on level 4 of the Dungeon.
You worshipped Cheibriados.
Cheibriados was noncommittal.
You visited 1 branch of the dungeon, and saw 4 of its levels.
You also visited: Sewer and Ossuary.

You collected 287 gold pieces.

Inventory:

Hand Weapons
 a - a +1 shortbow (weapon)
 n - a +3 dagger of electrocution
Armour
 c - a +0 leather armour (worn)
 h - a +0 helmet (worn)
 i - a +1 pair of boots (worn)
Jewellery
 d - a ring of positive energy (right hand)
 l - a ring of positive energy (left hand)
Scrolls
 b - 2 scrolls of immolation
 f - 2 scrolls of amnesia
 o - a scroll of brand weapon {unknown}
 p - a scroll of teleportation
 s - a scroll of noise {unknown}
 t - a scroll of summoning {unknown}
Potions
 e - a potion of haste
 k - a potion of cancellation {unknown}
 m - 2 potions of resistance {unknown}
 q - a potion of mutation {unknown}
 r - a potion of attraction {unknown}


   Skills:
 - Level 2.4 Fighting
 + Level 9.6 Ranged Weapons
 - Level 2.1 Dodging
 - Level 0.8 Stealth


You had 6 spell levels left.
You didn't know any spells.
Your spell library was empty.

Dungeon Overview and Level Annotations

Branches:
Dungeon (4/15)              Sewer (visited)         Ossuary (visited)
 Temple: D:4-7

Altars:
Cheibriados
Elyvilon
Uskayaw


Innate Abilities, Weirdness & Mutations

You are amphibious.
You cover ground slowly.
You can hop short distances.
You have an extended range of vision and can be seen from far away.


Message History

Fire: a) +1 shortbow
Press: ? - help, Q - select action, (/) - cycle Shift-Dir - straight line, f/p - mummy
Aim: a mummy (moderately damaged, 79% to hit)
You shoot an arrow. The arrow closely misses the mummy.
Fire: a) +1 shortbow
Press: ? - help, Q - select action, (/) - cycle Shift-Dir - straight line, f/p - mummy
Aim: a mummy (moderately damaged, 79% to hit)
You shoot an arrow. The arrow hits the mummy.
The mummy is moderately damaged.
The mummy misses you.
Okay, then.
The mummy hits you!
* * * LOW HITPOINT WARNING * * *
Welcome back to the Dungeon!
There is a collapsed entrance here.
Okay, then.
Okay, then.
Unknown command.
It was a potion of brilliance.
You feel clever all of a sudden.
Okay, then.
Unknown command.
Okay, then.
It was a potion of might.
You feel very mighty all of a sudden. The mummy hits you.
* * * LOW HITPOINT WARNING * * *
Fire: a) +1 shortbow
Press: ? - help, Q - select action, (/) - cycle Shift-Dir - straight line, f - mummy
Aim: a mummy (moderately damaged, 79% to hit)
You shoot an arrow. The arrow hits the mummy.
The mummy is heavily damaged.
Fire: a) +1 shortbow
Press: ? - help, Q - select action, (/) - cycle Shift-Dir - straight line, f/p - mummy
Aim: a mummy (heavily damaged, 79% to hit)
You shoot an arrow. The arrow hits the mummy!
The mummy is almost destroyed.
You are ready to hop once more.
The mummy hits you.
You die...

### ..### ##....
##....# ###.....#
#...8..# ..
##......# ....
#..8.@.8# .....
#.#...M.# .....#
###....8..#
......##......####
............##
.............####
................#
#####...########
##..##


You could see a mummy.

Vanquished Creatures
  Grinder (Sewer)
  2 kobold brigands (Sewer)
  2 scorpions (D:4)
  A quasit (Sewer)
  2 orc wizards (D:3)
  3 mummies (Ossuary)
  6 adders
  4 gnolls
  4 shadow imps (Sewer)
  3 ufetubi (Sewer)
  A worm (D:2)
  5 dart slugs
  6 orcs
  11 ball pythons
  5 endoplasms
  7 giant cockroaches
  8 goblins
  3 hobgoblins
  2 jackals (D:4)
  4 quokkas
  7 bats
  2 frilled lizards (D:2)
  2 gnoll zombies (Ossuary)
  3 hobgoblin zombies (Ossuary)
  24 kobolds
  3 kobold zombies
  An orc zombie (Ossuary)
  10 rats
132 creatures vanquished.

Vanquished Creatures (others)
  3 kobold zombies (Sewer)
3 creatures vanquished.

Grand Total: 135 creatures vanquished

Notes
Turn   | Place    | Note
-------+----------+-------------------------------------------
     0 | D:1      | Bartlander the Barachi Hunter began the quest for the Orb.
     0 | D:1      | Reached XP level 1. HP: 17/17 MP: 1/1
    99 | D:1      | Reached XP level 2. HP: 23/23 MP: 2/2
   246 | D:1      | Found a faded altar of an unknown god.
   472 | D:1      | Reached XP level 3. HP: 28/28 MP: 3/3
   612 | D:1      | Reached skill level 5 in Ranged Weapons
   906 | D:2      | Reached XP level 4. HP: 13/34 MP: 4/4
  1375 | D:2      | Found a white marble altar of Elyvilon.
  1580 | D:3      | Reached skill level 6 in Ranged Weapons
  1592 | D:2      | Reached XP level 5. HP: 19/39 MP: 5/5
  1817 | D:3      | Found a glowing drain.
  1821 | Sewer    | Entered a sewer
  2119 | Sewer    | Noticed a kobold brigand
  2122 | Sewer    | Noticed a kobold brigand
  2188 | Sewer    | Killed a kobold brigand
  2189 | Sewer    | Reached skill level 7 in Ranged Weapons
  2189 | Sewer    | Reached XP level 6. HP: 33/46 MP: 6/6
  2511 | Sewer    | Noticed Grinder
  2523 | Sewer    | Paralysed by Grinder for 5 turns
  2536 | Sewer    | Paralysed by Grinder for 5 turns
  2543 | Sewer    | Killed Grinder
  2544 | Sewer    | Reached skill level 8 in Ranged Weapons
  2544 | Sewer    | Reached XP level 7. HP: 49/51 MP: 7/7
  2564 | Sewer    | Found a burning altar of Makhleb.
  3112 | D:3      | Reached skill level 9 in Ranged Weapons
  3195 | D:3      | Found a snail-covered altar of Cheibriados.
  3196 | D:3      | Found a hide-covered altar of Uskayaw.
  3201 | D:3      | Became a worshipper of Cheibriados the Contemplative
  3586 | D:4      | Found a sand-covered staircase.
  3596 | Ossuary  | Entered an ossuary
  3655 | D:4      | HP: 1/51 [mummy (5)]
  3657 | D:4      | Slain by a mummy

Illustrated notes

Levels and vault maps discovered:
D:1:      wheals_arrival_linesprint, layout_basic,
          ebering_ecumenical_altar_petrified
D:2:      layout_rooms, basic_altar, minmay_vboxes
D:3:      layout_rooms, nicolae_overflow_two_pavilions, gup_sewer_entry_spiral,
          amcnicky_mini_rare_corridor_liquid
D:4:      layout_layer_cave, gammafunk_temple_overflow_forgotten,
          nicolae_ossuary_entry_monument, minmay_circle_x

Skill      XL: |  1  2  3  4  5  6  7 |
---------------+----------------------+-----
Ranged Weapons | 5 6 7 8 9 |  9.6
Fighting       | |  2.4
Dodging        | |  2.1
Stealth        | |  0.8

Action                   |  1- 3 |  4- 6 |  7- 9 || total
-------------------------+-------+-------+-------++-------
 Fire: Shortbow          |    82 |   185 |   158 ||   425
 Abil: Hop               |     1 |     5 |     3 ||     9
  Use: Scroll            |     4 |     4 |     1 ||     9
       Potion            |     1 |     2 |     2 ||     5
Armor: Leather armour    |     6 |    21 |    15 ||    42
       Skin              |     3 |     2 |       ||     5
Dodge: Dodged            |    15 |    47 |    13 ||    75
